 Dungeon Crawl Stone Soup version 0.27.1-1-g398f81649c (webtiles) character file.

Game seed: 7796439484651024140

285 pbellow the Shield-Bearer (level 6, -2/53 HPs)
             Began as a Hill Orc Fighter on Sept 11, 2021.
             Succumbed to Dowan's poison
             ... on level 3 of the Dungeon.
             The game lasted 00:05:24 (2578 turns).

pbellow the Shield-Bearer (Hill Orc Fighter)        Turns: 2578, Time: 00:05:24

Health: -2/53      AC:  8    Str: 21    XL:     6   Next: 29%
Magic:  6/6        EV:  8    Int:  8    God:
Gold:   92         SH: 10    Dex: 10    Spells: 5/5 levels left

rFire    . . .     SeeInvis .   a - +0 war axe
rCold    . . .     Faith    .   c - +0 kite shield
rNeg     . . .     Spirit   .   b - +0 scale mail
rPois    .         Reflect  .   l - +0 helmet
rElec    .         Harm     .   (no cloak)
rCorr    .         Rampage  .   (no gloves)
Will     .....                  (no boots)
Stlth    ..........             (no amulet)
HPRegen  0.17/turn              (no ring)
MPRegen  0.10/turn              (no ring)

@: lethally poisoned (-2 -> -17)
A: no striking features
a: no special abilities


You were on level 3 of the Dungeon.
You visited 1 branch of the dungeon, and saw 4 of its levels.

You collected 92 gold pieces.

Inventory:

Hand Weapons
 a - a +0 war axe (weapon)
Armour
 b - a +0 scale mail (worn)
 c - a +0 kite shield (worn)
 l - a +0 helmet (worn)
Jewellery
 n - a ring of flight
 q - a +4 ring of protection
Scrolls
 j - a scroll of enchant weapon {unknown}
 k - a scroll of fear {unknown}
 m - a scroll of holy word {unknown}
 o - 2 scrolls of identify {unknown}
 p - 5 scrolls of immolation {unknown}
 r - a scroll of noise {unknown}
 s - a scroll of enchant armour {unknown}
 t - a scroll of teleportation {unknown}
Potions
 d - 3 potions of might
 e - a potion of mutation {unknown}
 f - 2 potions of magic {unknown}
 g - a potion of degeneration {unknown}
 h - 2 potions of curing {unknown}
 i - a potion of attraction {unknown}


   Skills:
 + Level 4.7 Fighting
 + Level 5.0 Axes
 + Level 4.2 Armour
 + Level 0.6 Dodging
 + Level 5.1 Shields


You had 5 spell levels left.
You didn't know any spells.
Your spell library contained the following spells:

 Spells                   Type           Power      Damage    Failure   Level
 Beastly Appendage        Tmut           0%         N/A       99%         1
 Wereblood                Tmut           0%         N/A       99%         2
 Gell's Gravitas          Tloc           0%         N/A       100%        3
 Lesser Beckoning         Tloc           0%         N/A       100%        3
 Spider Form              Tmut/Pois      0%         N/A       100%        3
 Teleport Other           Tloc           0%         N/A       100%        3
 Fireball                 Conj/Fire      0%         3d3       100%        5
 Iskenderun's Battlesphe  Conj           0%         2d6       100%        5
 Conjure Ball Lightning   Conj/Air       0%         3x3d6     100%        6
 Orb of Destruction       Conj           0%         N/A       100%        7


Dungeon Overview and Level Annotations

Branches:
Dungeon (4/15)
 Temple: D:4-7

Altars:

Annotations:
D:3 Dowan, Duvessa


Message History

Dowan hits you but does no damage.
You are poisoned.
You hit Duvessa.
Duvessa is lightly wounded.
You hit Dowan. You hit the centaur.
You feel very sick. You block Duvessa's attack. The centaur barely misses you.
You block the centaur's attack. Duvessa hits you but does no damage.
Dowan points at you and mumbles some strange words.
The puff of flame hits you. The centaur barely misses you.
You block the centaur's attack.
You feel sick. You block Duvessa's attack. You block the centaur's attack. x2
Dowan hits you but does no damage.
You are more poisoned.
Duvessa closely misses you.
The centaur hits you but does no damage.
The centaur kicks you but does no damage.
You climb upwards.
* * * LOW HITPOINT WARNING * * *
You feel very sick.
There is a stone staircase leading down here.
You slash the centaur!
The centaur is almost dead.
You slash Duvessa! You barely miss Dowan.
You feel very sick. You block Duvessa's attack. The centaur hits you.
* * * LOW HITPOINT WARNING * * *
The centaur kicks you.
* * * LOW HITPOINT WARNING * * *
You block Dowan's attack. Duvessa hits you but does no damage.
The centaur hits you.
* * * LOW HITPOINT WARNING * * *
The centaur closely misses you.
Dowan hits you with a +2 dagger of venom.
* * * LOW HITPOINT WARNING * * *
You are more poisoned.
You hit the centaur.
You kill the centaur!
You hit Dowan but do no damage. You closely miss Duvessa.
You die...

.##...'####
#....#.#.###.####.##
.##.......#
#.##.#.#...#...[...#
.####.....#
#..#.#.###.#########
## #.....#
#....÷...#.# #.<(..#
#....[.#...# #.....#
#.#..#.#.###
######'#### #.#..#.#[#
#........####+#e.#.#.#
#...............@).#.#
#..............e..##.#
#.................##.#
........##########'..#
.....####........#####
.....####........#
........#...§≈8..#
.....##.'†.§§.≈..#
.....##.'.)§..≈..#


You could see Duvessa (fast) and Dowan.

Vanquished Creatures
  Purgy (D:3)
  A centaur (D:3)
  A hound (D:3)
  Jessica (D:3)
  5 adders
  A worm (D:2)
  A dart slug (D:2)
  5 endoplasms
  11 giant cockroaches
  9 goblins
  4 hobgoblins
  6 jackals
  2 quokkas (D:2)
  9 ball pythons
  6 bats
  4 frilled lizards
  9 kobolds
  5 rats
81 creatures vanquished.

Notes
Turn   | Place    | Note
-------+----------+-------------------------------------------
     0 | D:1      | pbellow the Hill Orc Fighter began the quest for the Orb.
     0 | D:1      | Reached XP level 1. HP: 19/19 MP: 1/1
    19 | D:1      | Reached XP level 2. HP: 20/27 MP: 2/2
   259 | D:1      | Reached XP level 3. HP: 25/33 MP: 3/3
  1112 | D:2      | Reached XP level 4. HP: 40/40 MP: 4/4
  1808 | D:3      | Noticed Jessica
  1812 | D:3      | Killed Jessica
  1874 | D:3      | Reached XP level 5. HP: 34/47 MP: 5/5
  2183 | D:3      | Found a faded altar of an unknown god.
  2216 | D:3      | Noticed Purgy
  2242 | D:3      | Killed Purgy
  2243 | D:3      | Reached skill level 5 in Shields
  2243 | D:3      | Reached XP level 6. HP: 23/53 MP: 6/6
  2449 | D:3      | Reached skill level 5 in Axes
  2566 | D:4      | Noticed Duvessa
  2566 | D:4      | Noticed Dowan
  2578 | D:3      | Succumbed to Dowan's poison

Illustrated notes

Levels and vault maps discovered:
D:1:      ncdulo_lavacross, layout_rooms, dk_noncrumbling_2, minmay_heptomino_l4
D:2:      layout_loops_ring
D:3:      minmay_roachtagon, layout_basic, hellmonk_ecumenical_altar_crossroads,
          kennysheep_generic_room_7, uniq_jessica, uniq_purgy
D:4:      layout_loops_ring, lightli_temple_of_fire, portal_sewer_entry_a,
          minmay_joined_circles, uniq_duvessa

Skill      XL: |  1  2  3  4  5  6 |
---------------+-------------------+-----
Fighting       | 4 |  4.7
Axes           | 3 4 5 |  5.0
Shields        | 4 5 |  5.1
Armour         | 4 |  4.2
Dodging        | |  0.6

Action                   |  1- 3 |  4- 6 || total
-------------------------+-------+-------++-------
Melee: War axe           |   107 |   120 ||   227
Armor: Scale mail        |    63 |    94 ||   157
Dodge: Dodged            |    48 |    60 ||   108
Block: Kite shield       |    92 |   104 ||   196
